Map: Acid Plant LE

Players

Plasmid - Winner!

  • Race: Zerg Zerg
  • League: Diamond
  • Spawn Location: 5:00

ChairmanMeow

  • Race: Protoss Protoss
  • League: Diamond
  • Spawn Location: 11:00

VOD

Have the link to the VOD?

Description

I did win this game but often lose to this style. I'd appreciate your criticism of my choices/mechanics.

Time

  • Played on: Feb. 24, 2018, 7:11 p.m.
  • Length: 12:52
Show
View Real Time Build Order
Export as new Build Order

Plasmid Zerg - Winner!

Build Orders: Hatch First 

Get SALT Encoding   

  12  0:01  Drone  
  13  0:12  Overlord  
  13  0:17  Drone  
  14  0:31  Drone x2  
  14  0:34  Drone  
  17  0:48  Drone  
  18  0:55  Hatchery  
  17  0:59  Drone  
  17  1:01  Extractor  
  17  1:16  Drone  
  18  1:19  Spawning Pool  
  18  1:21  Drone  
  18  1:28  Drone  
  19  1:39  Overlord  
  19  1:52  Drone  
  20  2:07  Drone x2  
  22  2:09  Queen x2  
  22  2:12  Metabolic Boost  
  26  2:21  Drone x2  
  28  2:23  Drone  
  29  2:32  Overlord  
  29  2:40  Hatchery  
  29  2:41  Drone  
  29  2:44  Drone  
  29  2:47  Drone  
  31  2:53  Queen  
  33  3:04  Drone x3  
  36  3:05  Drone  
  37  3:18  Overlord  
  37  3:19  Zergling x2  
  38  3:21  Zergling x6  
  38  3:24  Zergling x2  
  38  3:25  Zergling x4  
  44  3:27  Overlord  
  44  3:41  Drone x3  
  46  3:48  Drone  
  48  3:51  Extractor  
  48  3:52  Queen  
  51  3:56  Drone  
  51  3:57  Drone x6  
  51  3:58  Drone  
  54  4:03  Spore Crawler  
  54  4:05  Drone, Spore Crawler  
  52  4:13  Lair  
  50  4:17  Drone x3  
  50  4:18  Drone x2  
  55  4:30  Drone  
  55  4:31  Drone x2  
  58  4:33  Overlord x3  
  58  4:47  Extractor  
  58  4:49  Extractor  
  56  4:54  Drone x6  
  56  4:55  Drone  
  63  5:03  Drone x3  
  63  5:04  Drone x2  
  63  5:05  Hatchery  
  67  5:08  Drone  
  67  5:09  Drone x4  
  71  5:23  Drone x2  
  73  5:28  Hydralisk Den  
  73  5:35  Evolution Chamber  
  71  5:36  Evolution Chamber  
  71  5:42  Drone x2  
  72  5:43  Drone  
  72  5:46  Hydralisk Den  
  72  5:58  Overlord x5  
  72  6:01  Queen, Extractor  
  72  6:03  Extractor  
  73  6:05  Zerg Missile Weapons Level 1, Infestation Pit  
  73  6:06  Zerg Ground Armor Level 1  
  73  6:07  Muscular Augments  
  72  6:16  Evolution Chamber  
  69  6:20  Zergling x6  
  69  6:21  Zergling x8  
  76  6:33  Drone x4  
  76  6:34  Drone x4  
  84  6:45  Drone x3  
  87  6:52  Hive  
  87  6:55  Zerg Melee Weapons Level 1, Hydralisk x3  
  87  6:56  Hydralisk x5  
  103  7:06  Drone x6  
  109  7:11  Overseer x2  
  109  7:26  Extractor  
  109  7:27  Drone x5  
  109  7:28  Extractor, Drone x5  
  117  7:33  Overlord x5  
  117  7:37  Grooved Spines  
  117  7:42  Hydralisk  
  119  7:49  Spire  
  108  8:01  Hydralisk  
  108  8:02  Hydralisk x8  
  108  8:03  Hydralisk x8  
  142  8:24  Overlord x3  
  142  8:26  Zerg Ground Armor Level 2  
  142  8:27  Zerg Missile Weapons Level 2  
  142  8:36  Hatchery  
  142  8:38  Hydralisk x5  
  142  8:39  Hydralisk x3  
  157  8:42  Overlord x2  
  157  8:45  Burrow  
  157  8:52  Neural Parasite  
  157  8:59  Hydralisk x4  
  157  9:00  Zergling x4  
  157  9:01  Zergling x10  
  157  9:02  Zergling x2  
  173  9:09  Greater Spire  
  162  9:47  Hydralisk  
  162  9:48  Hydralisk x11  
  162  9:49  Hydralisk x5  
  187  9:57  Hydralisk  
  187  10:11  Zerg Melee Weapons Level 2, Pathogen Glands  
  174  10:27  Hydralisk  
  174  10:28  Hydralisk x7  
  172  10:29  Hydralisk  
  172  10:31  Zergling x2  
  172  10:34  Overlord x2  
  189  10:38  Overseer x2  
  189  10:39  Overseer  
  189  11:10  Infestor  
  189  11:11  Infestor x4  
  195  11:17  Hatchery  
  153  11:41  Hydralisk  
  153  11:42  Hydralisk x7  
  153  11:43  Hydralisk x9  
  177  11:52  Extractor  
  177  11:53  Extractor  
  173  12:00  Hydralisk x2, Infestor  
  173  12:01  Infestor x4, Hydralisk x6  
Show
View Real Time Build Order
Export as new Build Order

ChairmanMeow Protoss 

Build Orders: 1 Gate Expand, Oracle Opening 

Get SALT Encoding   

  12  0:00  Probe  
  13  0:13  Probe  
  14  0:21  Pylon  
  14  0:25  Probe  
  15  0:39  Probe  
  16  0:44  Gateway  
  16  0:51  Assimilator, Probe  
  17  1:04  Probe  
  18  1:16  Probe  
  19  1:32  Nexus  
  19  1:41  Cybernetics Core  
  19  1:47  Pylon  
  19  1:51  Probe  
  20  1:56  Zealot  
  22  2:03  Assimilator  
  22  2:04  Probe  
  23  2:17  Probe  
  24  2:25  Stargate  
  24  2:29  Probe  
  25  2:41  Probe  
  26  2:45  Pylon  
  26  2:46  Probe  
  27  2:53  Probe  
  27  2:58  Probe  
  29  3:05  Probe  
  30  3:06  Oracle (Chrono Boost)  
  33  3:13  Probe  
  33  3:16  Assimilator  
  33  3:19  Probe  
  35  3:20  Assimilator  
  35  3:24  Shield Battery  
  35  3:26  Probe  
  36  3:33  Probe  
  37  3:37  Void Ray (Chrono Boost)  
  41  3:42  Probe  
  41  3:50  Adept  
  43  4:13  Void Ray (Chrono Boost)  
  47  4:20  Probe x2  
  49  4:32  Probe x2  
  49  4:38  Stargate  
  51  4:39  Pylon  
  51  4:51  Probe x2  
  53  4:54  Pylon  
  53  4:57  Void Ray (Chrono Boost)  
  57  5:11  Protoss Air Weapons Level 1, Forge  
  56  5:28  Probe x2  
  58  5:30  Pylon  
  58  5:33  Fleet Beacon  
  58  5:40  Probe  
  58  5:42  Nexus  
  59  5:44  Pylon  
  59  5:46  Pylon, Probe  
  60  5:52  Probe  
  61  5:58  Probe  
  62  6:05  Photon Cannon  
  62  6:06  Probe  
  62  6:10  Probe  
  64  6:20  Carrier (Chrono Boost)  
  64  6:22  Carrier (Chrono Boost)  
  64  6:32  Nexus  
  76  6:34  Pylon  
  76  6:35  Probe x2  
  78  6:43  Pylon  
  78  6:47  Probe  
  78  6:51  Pylon, Probe  
  78  6:53  Graviton Catapult  
  80  6:54  Assimilator  
  80  6:57  Photon Cannon  
  80  7:00  Probe  
  81  7:07  Pylon  
  81  7:09  Stargate  
  81  7:18  Photon Cannon  
  81  7:19  Photon Cannon  
  81  7:27  Probe x2  
  83  7:34  Photon Cannon  
  83  7:37  Shield Battery  
  83  7:39  Probe x2  
  85  7:48  Probe  
  85  7:51  Probe x2, Carrier (Chrono Boost)  
  94  8:00  Probe  
  94  8:05  Carrier (Chrono Boost)  
  101  8:06  Probe x2  
  101  8:12  Probe  
  104  8:18  Probe x2  
  106  8:22  Assimilator  
  106  8:24  Probe  
  106  8:26  Protoss Air Weapons Level 2  
  113  8:30  Probe  
  114  8:35  Pylon  
  114  8:38  Carrier (Chrono Boost)  
  114  8:39  Photon Cannon  
  114  8:42  Pylon  
  114  8:54  Nexus  
  114  8:56  Pylon  
  114  8:58  Carrier (Chrono Boost)  
  120  9:03  Stargate  
  120  9:08  Probe x2  
  120  9:09  Probe  
  129  9:21  Carrier (Chrono Boost)  
  129  9:30  Photon Cannon  
  129  9:31  Photon Cannon  
  130  10:02  Pylon  
  130  10:04  Pylon  
  130  10:07  Pylon, Carrier (Chrono Boost)  
  130  10:10  Assimilator  
  130  10:12  Assimilator  
  130  10:16  Carrier (Chrono Boost)  
  130  10:17  Pylon  
  136  10:29  Carrier (Chrono Boost)  
  136  10:32  Pylon  
  136  10:42  Carrier (Chrono Boost)  
  142  10:51  Photon Cannon  
  142  11:08  Nexus  
  142  11:11  Pylon  
  142  11:15  Photon Cannon  
  141  11:28  Carrier (Chrono Boost)  
  141  11:30  Carrier (Chrono Boost)  
Tags
 
Add a new tag
Caveats
  • Supply blocks, unpowered buildings, or Contaminate may cause inaccurate times.
  • Supply counts are checked every 10 seconds.